 Seeded DCSS version 0.32-a0-918-g0f22ef8d61 (webtiles) character file.

Game seed: 202404103 (custom seed)

209 Orlauf the Poker (level 5, -1/42 HPs)
             Began as a Demonspawn Gladiator on Apr 10, 2024.
             Slain by an orc
             ... wielding a +0 whip
              (4 damage)
             ... on level 4 of the Dungeon.
             The game lasted 00:03:41 (2813 turns).

Orlauf the Poker (Demonspawn Gladiator)             Turns: 2813, Time: 00:03:42

Health: -1/42      AC: 13    Str: 16    XL:     5   Next: 55%
Magic:  5/5        EV:  4    Int:  9    God:
Gold:   225        SH:  0    Dex: 14    Spells: 4/4 levels left

rFire   + . .        a - +1 trident
rCold   . . .        (no shield)
rNeg    . . .        l - +0 plate armour
rPois   .            c - +0 helmet
rElec   .            x - +1 cloak
rCorr   .            (no gloves)
SInv    .            (no boots)
Will    +....        (no amulet) Stlth
                     k - ring of willpower
HPRegen 0.27/turn    p - ring of protection from fire
MPRegen 0.09/turn

%: no passive effects
@: wreathed by umbra
A: ignite blood 1, foul shadow 1
a: no special abilities


You were on level 4 of the Dungeon.
You visited 1 branch of the dungeon, and saw 4 of its levels.

You collected 225 gold pieces.

Inventory:

Hand Weapons
 a - a +1 trident (weapon)
Missiles
 d - 3 throwing nets (quivered)
 e - a javelin
Armour
 c - a +0 helmet (worn)
 l - a +0 plate armour (worn)
 x - a +1 cloak (worn)
Jewellery
 k - a ring of willpower (left hand)
 p - a ring of protection from fire (right hand)
 v - a ring of resist corrosion
Wands
 m - a wand of quicksilver (4)
 s - a wand of charming (10)
Scrolls
 b - a scroll of amnesia
 f - a scroll of fear
 r - a scroll of poison
 u - 2 scrolls of teleportation
Potions
 g - 2 potions of ambrosia
 h - a potion of might {unknown}
 i - 2 potions of heal wounds
 j - 2 potions of enlightenment
 o - a potion of attraction {unknown}
 t - a potion of cancellation {unknown}


   Skills:
 + Level 3.7 Fighting
 * Level 5.0 Polearms
 - Level 1.7 Throwing
 - Level 2.6 Dodging


You had 4 spell levels left.
You didn't know any spells.
Your spell library was empty.

Dungeon Overview and Level Annotations

Branches:
Dungeon (4/15)
 Temple: D:4-7

Altars:
Hepliaklqana


Innate Abilities, Weirdness & Mutations

Your demonic aura sometimes causes spilled blood to erupt in flames.
You are faintly shadowed, very rarely releasing foul flame when damaged in melee.


Message History

You hit the orc but do no damage.
You feel sick. The orc hits you but does no damage.
Throw: 3 throwing nets
Press: ? - help, Q - select action, (/) - cycle Shift-Dir - straight line, f - orc
Aim: an orc, wielding a +0 dagger (umbra, 56% to hit)
Okay, then.
You hit the orc but do no damage.
You feel sick. The orc hits you but does no damage. x2
You hit the orc but do no damage.
You feel sick.
The orc hits you but does no damage. x2; The orc barely misses you.
You hit the orc but do no damage.
You feel sick. The orc hits you but does no damage. The orc barely misses you.
You hit the orc.
The orc is moderately wounded.
You feel sick.
You are no longer poisoned.
The orc hits you with a +0 whip.
* * * LOW HITPOINT WARNING * * *
The orc hits you but does no damage.
You puncture the orc!
You kill the orc!
The orc hits you with a +0 whip.
* * * LOW HITPOINT WARNING * * *
Your Polearms skill increases to level 5!
You hit the orc but do no damage. The orc hits you with a +0 whip.
* * * LOW HITPOINT WARNING * * *
You hit the orc.
The orc is almost dead.
The orc hits you but does no damage.
You hit the orc but do no damage.
The orc is almost dead.
The orc hits you with a +0 whip.
* * * LOW HITPOINT WARNING * * *
You hit the orc but do no damage.
The orc is severely wounded.
The orc hits you but does no damage.
You hit the orc.
The orc is almost dead.
The orc hits you with a +0 whip.
You die...

..##........###.#....##
....<...........#.....##
......<................#
.................#.....#
...###.#...............##
.........................
...##.....#...#..# ....#
... #..#.##...#.o##...$.#
.. ....#.#......@))......
.#...#.#......##.##.... #
#............# ... .
#...#........# ##...
#........# .....
...######## .... .... ...
### .#.


You could see an orc.

Vanquished Creatures
  A jelly (D:4)
  Ijyb (D:3)
  An orc wizard (D:3)
  Robin (D:3)
  3 adders
  11 orcs
  5 bats
  2 endoplasms (D:1)
  2 giant cockroaches (D:3)
  8 goblins
  10 hobgoblins
  7 jackals (D:1)
  9 kobolds
  2 quokkas (D:1)
  4 ball pythons
  2 frilled lizards
  9 rats
78 creatures vanquished.

Notes
Turn   | Place    | Note
-------+----------+-------------------------------------------
     0 | D:1      | Orlauf the Demonspawn Gladiator began the quest for the
                  | Orb.
     0 | D:1      | Reached XP level 1. HP: 16/16 MP: 1/1
   231 | D:1      | Reached skill level 3 in Polearms
   272 | D:1      | Gained mutation: Your demonic aura sometimes causes spilled
                  | blood to erupt in flames. [demonic ancestry]
   272 | D:1      | Reached XP level 2. HP: 22/22 MP: 2/2
   353 | D:1      | Found a faded altar of an unknown god.
   668 | D:1      | Reached XP level 3. HP: 13/28 MP: 3/3
  1885 | D:3      | Reached XP level 4. HP: 35/35 MP: 4/4
  1956 | D:3      | Noticed Robin
  1958 | D:3      | Reached skill level 4 in Polearms
  1973 | D:3      | Noticed Ijyb
  1984 | D:3      | Killed Ijyb
  1986 | D:3      | Killed Robin
  2148 | D:3      | Gained mutation: You are faintly shadowed, very rarely
                  | releasing foul flame when damaged in melee. [demonic
                  | ancestry]
  2148 | D:3      | Reached XP level 5. HP: 37/41 MP: 5/5
  2369 | D:3      | Found a hazy altar of Hepliaklqana.
  2809 | D:4      | Reached skill level 5 in Polearms
  2813 | D:4      | Slain by an orc

Illustrated notes

Levels and vault maps discovered:
D:1:      dpeg_arrival_round_a, layout_loops_ring,
          dreamdust_ecumenical_altar_angels_and_demons, st_stairs_8
D:2:      layout_basic, minmay_tall_x
D:3:      layout_loops_ring, mainiacjoe_overflow_small_starburst,
          nicolae_the_louvre, uniq_ijyb, uniq_robin
D:4:      kennysheep_the_goblin_king, layout_basic,
          grunt_temple_overflow_cloverleaf, kennysheep_mini, minivault_24

Skill      XL: |  1  2  3  4  5 |
---------------+----------------+-----
Polearms       | 3 4 5 |  5.0
Fighting       | 3 |  3.7
Throwing       | |  1.7
Dodging        | |  2.6

Action                     |  1- 3 |  4- 6 || total
---------------------------+-------+-------++-------
  Melee: Trident           |   137 |   105 ||   242
  Evoke: Wand              |       |     3 ||     3
    Use: Scroll            |     6 |     3 ||     9
 Armour: Chain mail        |    34 |       ||    34
         Plate armour      |    66 |    83 ||   149
  Dodge: Dodged            |    32 |    25 ||    57

Table legend: (Time is in decaauts)
 A = Elapsed time spent in this place.
 B = Non-inter-level travel time spent in this place.
 C = Inter-level travel time spent in this place.
 D = Time resting spent in this place.
 E = Time spent auto-exploring this place.
 F = Levels seen in this place.
 G = Mean time per level.
                   A        B        C        D        E       F      G
               +--------+--------+--------+--------+--------+-----+--------+
         Total |   2837 |   2737 |    100 |    267 |   1952 |   4 |  709.2 |
       Dungeon |   2837 |   2737 |    100 |    267 |   1952 |   4 |  709.2 |
               +--------+--------+--------+--------+--------+-----+--------+

Top non-repeatable levels by time:
     D:2: 924 daAuts
     D:1: 894 daAuts
     D:3: 846 daAuts
     D:4: 172 daAuts
